AoeStats
← MONSEkatish

Arena

510445005Analyzed
3v3 RM · 2d ago on Oct 1, 2026· 90m 13s· 6 players
Game mode
Random Map
Map size
Normal (6 player)
Population
200
Speed
Normal
Resources
Standard
Victory
Conquest
Starting age
Dark Age
Ending age
Imperial Age
RankedLock teamsTeams togetherTeam positionsShared explorationLock speedFull tech treeHidden civsTurbo modeCheats
Victory
Defeat
🇺🇸 Slavs · United States
583
+11
🇺🇸 Britons · United States
583
+11
🇻🇪 Khmer · Venezuela
521
+13
🇨🇴 Franks · Colombia
516
-13
🇨🇷 Huns · Costa Rica
490
-13
🇺🇸 Khitans · United States
377
-9
Classified2045
12:46 Feudal Age
19:15 Castle Age
26:40 Town Watch
27:32 Wheelbarrow
26:43 Loom
33:47 Double-Bit Axe
36:53 Gold Mining
36:52 Domestication
37:25 Bow Saw
37:43 Pastoralism
45:01 Imperial Age
44:00 Lamellar Armor
44:24 Pikeman
44:50 Gambesons
45:06 Squires
44:52 Arson
46:41 Scale Mail Armor
46:32 Fletching
48:35 Transhumance
51:11 Stone Mining
53:53 Conscription
54:00 Thumb Ring
54:05 Padded Archer Armor
54:21 Chain Mail Armor
54:17 Forging
54:03 Bodkin Arrow
53:58 Elite Liao Dao
55:05 Siege Engineers
54:42 Treadmill Crane
55:23 Ballistics
55:14 Masonry
56:52 Fortified Wall
57:20 Elite Skirmisher
60:20 Plate Mail Armor
60:25 Iron Casting
60:06 Leather Archer Armor
59:52 Bracer
63:18 Two-Man Saw
MONSEkatish
1:24 Loom
11:58 Feudal Age
13:32 Wheelbarrow
12:43 Town Watch
12:59 Double-Bit Axe
24:38 Castle Age
23:44 Scale Barding Armor
24:16 Stone Mining
24:17 Gold Mining
25:23 Husbandry
24:45 Light Cavalry
27:02 Bow Saw
27:22 Forging
29:30 Caravan
33:24 Hand Cart
35:27 Town Patrol
36:24 Gold Shaft Mining
36:50 Chain Barding Armor
43:54 Imperial Age
44:01 Cavalier
46:43 Paladin
51:34 Plate Barding Armor
56:59 Heavy Scorpion
60:53 Heavy Scorpion
65:37 Capped Ram
67:55 Capped Ram
Battuzai
10:16 Feudal Age
10:43 Double-Bit Axe
11:17 Horse Collar
13:43 Loom
14:48 Wheelbarrow
19:04 Castle Age
17:11 Gold Mining
17:29 Fletching
19:04 Forging
19:14 Man-at-Arms
21:05 Bow Saw
22:57 Stone Mining
24:25 Heavy Plow
24:30 Arson
25:52 Long Swordsman
26:52 Elite Skirmisher
29:30 Scale Mail Armor
29:49 Bodkin Arrow
30:27 Pikeman
31:27 Masonry
31:38 Ballistics
32:01 Squires
32:33 Scale Barding Armor
33:04 Iron Casting
34:02 Chain Mail Armor
35:06 Hand Cart
37:29 Imperial Age
36:53 Gold Shaft Mining
36:52 Chain Barding Armor
37:20 Marauders
38:47 Husbandry
38:29 Elite Tarkan
39:31 Caravan
40:53 Chemistry
40:26 Conscription
42:46 Plate Barding Armor
43:28 Cavalier
46:26 Capped Ram
50:18 Halberdier
59:00 Two-Handed Swordsman
61:14 Blast Furnace
60:15 Bracer
61:22 Two-Man Saw
62:24 Paladin
64:13 Siege Ram
K1NGlogman
9:50 Feudal Age
12:47 Double-Bit Axe
13:13 Horse Collar
15:06 Wheelbarrow
21:52 Castle Age
25:26 Forging
25:16 Scale Mail Armor
26:01 Bow Saw
28:38 Detinets
31:11 Heavy Plow
31:22 Squires
30:49 Pikeman
45:57 Imperial Age
46:26 Capped Ram
46:47 Halberdier
47:48 Siege Ram
52:15 Hand Cart
58:12 Elite Boyar
59:10 Scale Barding Armor
59:54 Iron Casting
61:04 Caravan
61:53 Crop Rotation
62:29 Two-Man Saw
64:13 Blast Furnace
63:29 Chain Mail Armor
72:47 Druzhina
83:39 Spies/Treason
LosBajaElo
13:41 Loom
16:28 Feudal Age
17:01 Double-Bit Axe
18:58 Wheelbarrow
18:37 Man-at-Arms
20:23 Gold Mining
23:02 Stone Mining
22:55 Horse Collar
30:47 Castle Age
32:20 Padded Archer Armor
32:11 Fletching
34:20 Hand Cart
34:20 Bow Saw
34:13 Heavy Plow
34:51 Gold Shaft Mining
38:05 Imperial Age
38:30 Town Watch
39:16 Conscription
38:20 Long Swordsman
40:12 Pikeman
42:48 Leather Archer Armor
42:29 Bodkin Arrow
44:07 Chemistry
43:28 Ballistics
45:56 Elite Longbowman
46:59 Fortified Wall
49:30 Ring Archer Armor
49:00 Bracer
48:59 Murder Holes
48:46 Treadmill Crane
51:59 Scale Mail Armor
52:09 Forging
52:07 Siege Engineers
54:10 Chain Mail Armor
54:31 Iron Casting
54:09 Masonry
53:24 Halberdier
54:05 Squires
53:51 Gambesons
53:52 Arson
57:54 Yeomen
59:57 Warwolf
60:50 Caravan
60:35 Two-Handed Swordsman
61:51 Plate Mail Armor
62:22 Blast Furnace
61:37 Town Patrol
63:49 Architecture
71:13 Two-Man Saw
73:02 Coinage
72:42 Guilds
77:52 Banking
81:42 Scale Barding Armor
81:09 Spies/Treason
87:53 Guard Tower
87:48 Arrowslits
88:17 Careening
88:28 Shipwright
88:14 Siphons
88:19 Clinker Construction
88:00 Heated Shot
88:32 Chain Barding Armor
88:57 Hoardings
87:58 Sappers
87:52 Champion
87:59 Heavy Scorpion
88:01 Capped Ram
88:01 Onager
88:47 Herbal Medicine
89:27 Theocracy
89:13 Sanctity
88:53 Devotion
89:19 Illumination
89:10 Block Printing
89:06 Fervor
Vzla_Carlos18
12:56 Feudal Age
12:01 Loom
21:12 Double-Bit Axe
21:20 Town Watch
22:11 Wheelbarrow
21:29 Gold Mining
21:29 Stone Mining
21:54 Horse Collar
26:00 Castle Age
29:40 Bow Saw
29:33 Heavy Plow
33:03 Town Patrol
33:19 Hand Cart
39:24 Caravan
40:16 Fortified Wall
40:02 Murder Holes
40:20 Fortified Wall
40:21 Masonry
40:06 Murder Holes
40:32 Ballistics
41:00 Stone Shaft Mining
41:00 Gold Shaft Mining
44:49 Tusk Swords
49:22 Imperial Age
49:43 Heavy Scorpion
52:50 Chemistry
51:56 Siege Engineers
52:22 Architecture
54:21 Double Crossbow
55:40 Conscription
59:01 Crop Rotation
69:58 Padded Archer Armor
69:48 Fletching
80:35 Bodkin Arrow
80:55 Leather Archer Armor
81:34 Bracer
81:11 Spies/Treason
82:28 Hoardings
81:24 Sappers
81:17 Elite Ballista Elephant
83:28 Ring Archer Armor
83:03 Scale Barding Armor
82:59 Scale Mail Armor
83:09 Forging
86:35 Chain Barding Armor
86:31 Chain Mail Armor
86:59 Iron Casting
Connection lost

Rejoining the realm…

Still unreachable

The connection could not be restored.

Session expired

The server has moved on; the page needs a fresh start.